 Dungeon Crawl Stone Soup version 0.16-a0-4099-g0be755f (webtiles) character file.

87156 dysrexia the Executioner (level 15, -3/139 HPs)
             Began as a Hill Orc Gladiator on Feb 25, 2015.
             Was the Champion of Jiyva.
             Blown up by an orb spider (49 damage)
             ... with an orb of destruction
             ... on level 5 of the Spider Nest.
             The game lasted 01:37:14 (18674 turns).

dysrexia the Executioner (Hill Orc Gladiator)      Turns: 18674, Time: 01:37:14

Health: -3/139     AC: 23    Str: 28    XL:     15   Next: 89%
Magic:  15/15      EV: 14    Int:  8    God:    Jiyva [******]
Gold:   151        SH:  0    Dex: 15    Spells: 0 memorised, 14 levels left

rFire  . . .     SeeInvis .     I - +3 executioner's axe (vamp)
rCold  + + .     Clarity  .     o - +1 plate armour {rC+}
rNeg   . . .     SustAb   .     (no shield)
rPois  +         Gourm    .     t - +1 hat
rElec  +         Spirit   .     H - +0 cloak
rCorr  +         Warding  .     e - +0 pair of gloves
rMut   .         Stasis   .     (no boots)
MR     +....                    K - amulet of rage
Stlth  ..........               c - ring of Shrokhipt {+Blink rPois Str+2 Int+6 Dex-2 Stlth+}
                                U - +3 ring of protection

@: somewhat resistant to hostile enchantments, extremely unstealthy
A: horns 1, rough black scales 1, agile 1, cold resistance 1, electricity
resistance, pseudopods 1, translucent skin 2, evolution 1
a: Request Jelly, Jelly Paralyse, Slimify, Cure Bad Mutation, Renounce Religion,
Evoke Blink, Evoke Berserk Rage


You were on level 5 of the Spider Nest.
You worshipped Jiyva.
Jiyva was exalted by your worship.
You were very full.

You visited 4 branches of the dungeon, and saw 26 of its levels.

You collected 1810 gold pieces.
You spent 1659 gold pieces at shops.

Inventory:

Hand weapons
 a - a +0 war axe of flaming
 I - a +3 vampiric executioner's axe (weapon)
 L - a +0 blowgun
Missiles
 d - a throwing net (quivered)
 u - 12 curare-tipped needles
Armour
 e - a +0 pair of gloves (worn)
 o - a +1 plate armour of cold resistance (worn)
 t - a +1 hat (worn)
 H - a +0 cloak (worn)
Jewellery
 c - the ring of Shrokhipt (right hand) {+Blink rPois Str+2 Int+6 Dex-2 Stlth+}
   (You bought it in a shop on level 4 of the Orcish Mines)

   [ring of stealth]

   It affects your strength (+2).
   It affects your intelligence (+6).
   It affects your dexterity (-2).
   It protects you from poison.
   It lets you blink.
   It makes you more stealthy.
 K - an amulet of rage (around neck)
 M - an uncursed ring of protection from fire
 U - a +3 ring of protection (left hand)
 Z - the ring "Fixalioh" {rElec MR- Str+4 Slay+2 SInv Stlth+}
   (You found it on level 6 of the Lair of Beasts)

   [ring of strength]

   It affects your strength (+4).
   It affects your accuracy and damage with ranged weapons and melee attacks
   (+2).
   It insulates you from electricity.
   It affects your resistance to hostile enchantments.
   It enhances your eyesight.
   It makes you more stealthy.
Magical devices
 r - a wand of cold (5)
 z - a wand of disintegration (10)
 A - a wand of flame (9)
 J - a wand of fire (0)
 R - a wand of lightning (0)
 Y - a wand of digging (13)
Scrolls
 i - a scroll of brand weapon
 m - 8 scrolls of teleportation
 p - 3 scrolls of enchant armour
 v - a scroll of blinking
 x - a scroll of summoning {unknown}
 y - 4 scrolls of magic mapping
 B - 3 scrolls of recharging
 E - 7 scrolls of remove curse
 N - a scroll of holy word {unknown}
 O - a scroll of amnesia
Potions
 b - 3 potions of haste
 k - 2 potions of might
 l - 2 potions of restore abilities
 q - a potion of berserk rage
 s - 2 potions of heal wounds
 w - 2 potions of ambrosia {unknown}
 D - 5 potions of magic
 G - a potion of resistance {unknown}
 P - 3 potions of agility
 W - 3 potions of brilliance
Books
 F - a book of Changes

   Spells                             Type                      Level
   a - Beastly Appendage              Transmutation                1
   b - Sticks to Snakes               Transmutation                2
   c - Spider Form                    Transmutation/Poison         3
   d - Ice Form                       Ice/Transmutation            4
   e - Blade Hands                    Transmutation                5
 T - a book of the Dragon

   Spells                             Type                      Level
   a - Flight                         Charms/Air                   3
   b - Cause Fear                     Hexes                        4
   c - Bolt of Fire                   Conjuration/Fire             6
   d - Dragon Form                    Transmutation                7
   e - Dragon's Call                  Summoning                    9
 V - the Volume of Malediction
   (You found it on level 3 of the Lair of Beasts)

   Spells                             Type                      Level
   a - Confuse                        Hexes                        3
   b - Gell's Gravitas                Hexes/Translocation          5
   c - Mass Confusion                 Hexes                        6
Miscellaneous
 Q - a disc of storms
 S - a phial of floods
Comestibles
 f - 10 meat rations
 g - 13 royal jellies
 h - 9 bread rations
 j - 5 slices of pizza
 n - 14 fruits
 X - a beef jerky


   Skills:
 + Level 14.6 Fighting
 * Level 21.1 Axes
 - Level 2.0 Throwing
 + Level 13.3 Armour
 + Level 11.0 Dodging


You had 14 spell levels left.
You didn't know any spells.

Dungeon Overview and Level Annotations

Branches:
Dungeon (9/15)               Lair (8/8) D:8          Shoals (0/5) Lair:3
 Spider (5/5) Lair:6        Slime (0/6) Lair:8          Orc (4/4) D:9
    Elf (0/3) Orc:4
 Temple: D:4-7

Altars:
Ashenzari
Cheibriados
Fedhas
Gozag
Kikubaaqudgha
Makhleb
Trog
Vehumet
The Shining One
Beogh
Jiyva

Shops:
D:2 *   Orc:4 (=}[

Annotations:
D:4 Grinder
Spider:5 exclusion: Roxanne, Roxanne


Innate Abilities, Weirdness & Mutations

You have a pair of small horns on your head.
You are partially covered in rough black scales (AC +4, Dex -1).
You are agile. (Dex +2)
Your flesh is cold resistant.
You are resistant to electric shocks.
Armour fits poorly on your pseudopods.
Your skin is mostly translucent (Stealth, -foe acc).
You evolve.


Message History

The wolf spider hits you but does no damage.
The wolf spider closely misses you. The redback closely misses you.
You slice the wolf spider!!
You kill the wolf spider!
You closely miss the redback.
The redback is heavily wounded.
The redback completely misses you.
Unknown command.
You slash the redback!
You kill the redback!
The orb spider weaves a glowing orb of energy.
You see here a redback corpse.
The orb spider hisses angrily.
The orb of destruction hits a rock wall.
The rock wall explodes into countless fragments.
The orb spider weaves a glowing orb of energy.
The orb spider begins to weave its threads into a brightly glowing ball.
The orb spider begins to weave its threads into a brightly glowing ball.
The orb of destruction hits you!
You die...

≈≈≈≈##.^^#..^†....#....^.
≈≈≈≈≈...#^s..#.....^......
≈≈≈≈.....#.§#####......^..
≈≈≈≈.....††^# ##.##.....
≈≈≈≈#....†.#.# #####....
≈≈≈......^##.# #....
≈≈..^#....≈≈≈# ##...
......§§.^#.# ##..
#≈..§§..§@^## ##.
#^.§§....^≈# ##.
≈s#≈..^^^## ##..
#≈≈.....## ##..# ....####
##.... ... #..... ..
##.... ### ##..^## ##..#
##^..##


You could see an orb spider.

Vanquished Creatures
  Nikola (Spider:5)
  Snorg (Lair:3)
  3 hydras
  Erica (Orc:2)
  20 death yaks
  8 orc high priests (Orc:4)
  Nergalle (Lair:8)
  8 orb spiders
  A lindwurm (Lair:8)
  An ugly thing (D:7)
  2 griffons
  22 wolf spiders
  A sixfirhy (Orc:4)
  A black mamba (Lair:7)
  A hornet (Spider:2)
  5 torpor snails
  10 elephants
  9 spiny frogs
  9 komodo dragons
  13 demonic crawlers
  3 fire drakes
  2 two-headed ogres
  11 jumping spiders
  A polar bear (Lair:5)
  25 blink frogs
  2 boulder beetles (Lair:8)
  13 trapdoor spiders
  6 wandering mushrooms
  15 tarantellas
  A wyvern (Lair:8)
  29 redbacks
  2 basilisks
  26 yaks
  8 hippogriffs
  A neqoxec (Orc:4)
  Grum (Orc:2)
  5 wargs (Orc:4)
  The ghost of mauris the Grasshopper, an average HuWz of Sif Muna (D:4)
  4 wolves (Orc:2)
  15 spiders
  A black bear (D:8)
  16 water moccasins
  4 orc warriors
  9 porcupines
  2 sky beasts
  2 wasps (D:8)
  9 ogres
  A phantom (D:5)
  8 ice beasts (Lair:4)
  2 centaurs
  4 boring beetles
  13 crocodiles
  2 big kobolds (D:8)
  15 giant frogs
  A brain worm (Lair:8)
  A water moccasin zombie (D:6)
  6 scorpions
  15 killer bees
  3 crimson imps
  An electric eel (Lair:5)
  A giant frog zombie (D:9)
  5 jellies
  A quasit (D:8)
  A gnoll shaman (D:6)
  2 worker ants (D:5)
  16 hounds
  26 orc priests
  7 iguanas
  2 giant frog skeletons
  14 orc wizards
  15 sheep
  A hound skeleton (D:6)
  9 gnolls
  2 worker ant zombies (D:5)
  15 adders
  43 river rats
  2 worms
  An adder zombie (D:5)
  10 oozes
  96 orcs
  5 ball pythons
  A bat skeleton (D:6)
  22 goblins
  14 hobgoblins
  13 jackals
  22 kobolds
  10 bats
  4 giant cockroaches
  9 giant geckos
  A giant gecko zombie (D:6)
  7 giant newts
  A giant spore (D:6)
  8 quokkas
  15 rats
  2 ballistomycetes (D:6)
  12 fungi
  2 plants (Lair:7)
821 creatures vanquished.

Vanquished Creatures (others)
  An orb spider (Spider:3)
  A wizard (D:5)
  A komodo dragon (Lair:8)
  A spider (Spider:2)
  A water moccasin (D:9)
  A scorpion (Spider:1)
  A crimson imp (D:9)
  3 orc priests (Orc:4)
  56 jellies
  2 orc wizards
  A hound skeleton (D:6)
  2 adders (Lair:8)
  A gnoll (D:6)
  A giant gecko (D:9)
  11 orcs
  2 hobgoblins (D:9)
  A rat (D:9)
  4 fungi
  2 plants (Lair:8)
93 creatures vanquished.

Grand Total: 914 creatures vanquished

Notes
Turn   | Place    | Note
--------------------------------------------------------------
     0 | D:1      | dysrexia, the Hill Orc Gladiator, began the quest for the Orb.
     0 | D:1      | Reached XP level 1. HP: 18/18 MP: 1/1
   113 | D:1      | Reached XP level 2. HP: 25/25 MP: 2/2
   254 | D:1      | Reached skill level 5 in Axes
   518 | D:2      | Reached XP level 3. HP: 25/30 MP: 3/3
   581 | D:2      | Found Gozag's Platinum Reserve.
   584 | D:2      | Found an opulent altar of Gozag.
   684 | D:2      | Reached skill level 6 in Axes
   729 | D:2      | Reached XP level 4. HP: 16/37 MP: 4/4
  1313 | D:3      | Reached skill level 7 in Axes
  1603 | D:3      | Reached XP level 5. HP: 18/42 MP: 5/5
  1639 | D:3      | HP: 2/42 [poisoned by an adder]
  1883 | D:3      | HP: 1/42 [orc wizard/magic dart (2)]
  1899 | D:3      | Reached skill level 8 in Axes
  2116 | D:4      | Noticed an ogre
  2131 | D:4      | Killed an ogre
  2131 | D:4      | Reached skill level 9 in Axes
  2131 | D:4      | Reached XP level 6. HP: 16/50 MP: 6/6
  2571 | D:4      | Got a brightly glowing hand axe
  2574 | D:4      | Identified the +10 hand axe "Cutt" {drain, Dex+2 SInv Stlth+} (You found it on level 4 of the Dungeon)
  2589 | D:4      | Noticed an ogre
  2590 | D:4      | Noticed mauris' ghost (average HuWz)
  2596 | D:4      | Killed an ogre
  2601 | D:4      | Killed mauris' ghost
  2601 | D:4      | Reached skill level 10 in Axes
  2601 | D:4      | Reached XP level 7. HP: 42/56 MP: 7/7
  2625 | D:4      | Found an ancient bone altar of Kikubaaqudgha.
  2627 | D:4      | Found a radiant altar of Vehumet.
  2823 | D:4      | Noticed Grinder
  2856 | D:5      | Entered Level 5 of the Dungeon
  2859 | D:5      | Reached skill level 11 in Axes
  3046 | D:5      | Reached XP level 8. HP: 58/62 MP: 8/8
  3073 | D:5      | Found a burning altar of Makhleb.
  3128 | D:5      | Reached skill level 12 in Axes
  3143 | D:5      | Found a bloodstained altar of Trog.
  3143 | D:5      | Noticed a wizard
  3149 | D:5      | Killed a wizard
  3349 | D:6      | Reached skill level 5 in Fighting
  3970 | D:6      | Reached XP level 9. HP: 81/81 MP: 9/9
  4368 | D:7      | Found a blossoming altar of Fedhas.
  4460 | D:7      | Got a scorched trident
  4461 | D:7      | Identified the +3 trident "Dimos" {pierce, rF+} (You found it on level 7 of the Dungeon)
  4530 | D:7      | Reached skill level 10 in Fighting
  5163 | D:7      | Noticed a green ugly thing
  5173 | D:7      | Killed a green ugly thing
  5390 | D:8      | Found a staircase to the Lair.
  5506 | D:8      | Reached XP level 10. HP: 89/97 MP: 10/10
  5893 | D:8      | Paralysed by a wasp for 1 turns
  6113 | D:8      | Reached skill level 13 in Fighting
  6192 | D:8      | Reached skill level 1 in Armour
  6411 | Lair:1   | Entered Level 1 of the Lair of Beasts
  6937 | Lair:1   | Reached skill level 5 in Armour
  6960 | Lair:1   | Reached skill level 5 in Dodging
  7101 | Lair:1   | Reached XP level 11. HP: 98/107 MP: 11/11
  7219 | Lair:2   | Noticed a four-headed hydra
  7228 | Lair:2   | Killed a one-headed hydra
  7922 | Lair:3   | Identified the Volume of Malediction
  7985 | Lair:3   | Found a staircase to the Shoals.
  8289 | Lair:3   | Identified a scroll of acquirement
  8307 | Lair:4   | Noticed Snorg
  8324 | Lair:3   | Killed Snorg
  8809 | Lair:4   | Noticed a death yak
  8810 | Lair:4   | Noticed a death yak
  8810 | Lair:4   | Noticed a death yak
  8811 | Lair:4   | Noticed a death yak
  8822 | Lair:4   | Noticed a death yak
  9094 | Lair:4   | Reached XP level 12. HP: 115/115 MP: 12/12
  9107 | Lair:4   | Reached skill level 14 in Axes
  9250 | Lair:4   | Noticed a death yak
  9252 | Lair:4   | Noticed a death yak
  9254 | Lair:4   | Noticed a death yak
  9255 | Lair:4   | Noticed a death yak
  9256 | Lair:4   | Noticed a death yak
  9257 | Lair:4   | Noticed a death yak
  9262 | Lair:4   | Killed a death yak
  9273 | Lair:4   | Killed a death yak
  9275 | Lair:4   | Killed a death yak
  9289 | Lair:4   | Killed a death yak
  9290 | Lair:4   | Killed a death yak
  9298 | Lair:4   | Killed a death yak
  9298 | Lair:4   | Reached skill level 15 in Axes
  9332 | Lair:4   | Killed a death yak
  9582 | Lair:4   | Noticed a death yak
  9623 | Lair:4   | Killed a death yak
  9627 | Lair:4   | Killed a death yak
  9627 | Lair:4   | Killed a death yak
  9640 | Lair:4   | Killed a death yak
  9644 | Lair:4   | Killed a death yak
  9644 | Lair:4   | Reached skill level 16 in Axes
 10075 | Lair:5   | Reached XP level 13. HP: 122/122 MP: 13/13
 10107 | Lair:5   | Reached skill level 10 in Armour
 10632 | Lair:6   | Got a transparent pewter ring
 10638 | Lair:6   | Identified the ring "Fixalioh" {rElec MR- Str+4 Slay+2 SInv Stlth+} (You found it on level 6 of the Lair of Beasts)
 10650 | Lair:6   | Reached skill level 17 in Axes
 10760 | Lair:6   | Found a hole to the Spider Nest.
 11786 | Lair:8   | Entered Level 8 of the Lair of Beasts
 11887 | Lair:8   | Reached skill level 18 in Axes
 12319 | Lair:8   | Reached XP level 14. HP: 129/129 MP: 14/14
 12875 | Lair:8   | Noticed Nergalle
 12886 | Lair:8   | Killed Nergalle
 13032 | Lair:8   | Found a runed door.
 13050 | Lair:8   | Found a viscous altar of Jiyva.
 13052 | Lair:8   | Found a staircase to the Slime Pits.
 13063 | Lair:8   | Became a worshipper of Jiyva Jylaimn the Shapeless
 13256 | Lair:8   | Reached skill level 19 in Axes
 13284 | Lair:8   | Acquired Jiyva's first power
 14040 | D:9      | Found a staircase to the Orcish Mines.
 14079 | D:9      | Acquired Jiyva's second power
 14179 | D:9      | Gained mutation: Your muscles are strong. (Str +2) [Jiyva's grace]
 14194 | D:9      | Found a snail-covered altar of Cheibriados.
 14306 | D:9      | Found a glowing golden altar of the Shining One.
 14431 | D:9      | Found a shattered altar of Ashenzari.
 14489 | D:9      | Acquired Jiyva's third power
 14586 | D:9      | Gained mutation: Your flesh is cold resistant. [potion of mutation]
 14586 | D:9      | Gained mutation: Your mind is acute. (Int +2) [potion of mutation]
 14586 | D:9      | Gained mutation: You are somewhat resistant to further mutation. [potion of mutation]
 14587 | D:9      | Gained mutation: You are resistant to electric shocks. [potion of mutation]
 14610 | Orc:1    | Entered Level 1 of the Orcish Mines
 14649 | Orc:1    | Gained mutation: You can spit poison. [Jiyva's grace]
 14670 | Orc:1    | Acquired Jiyva's fourth power
 14692 | Orc:2    | Found a roughly hewn altar of Beogh.
 14694 | Orc:2    | Noticed Grum
 14698 | Orc:2    | Reached skill level 10 in Dodging
 14706 | Orc:2    | Killed Grum
 14835 | Orc:2    | Lost mutation: You are somewhat resistant to further mutation. [Jiyva's grace]
 14835 | Orc:2    | Gained mutation: You evolve. [Jiyva's grace]
 14855 | Orc:2    | Gained mutation: You have a pair of small horns on your head. [Jiyva's grace]
 14882 | Orc:2    | Noticed Erica
 14896 | Orc:2    | Killed Erica
 14901 | Orc:2    | Lost mutation: Your muscles are strong. (Str +2) [Jiyva's grace]
 15097 | Orc:4    | Entered Level 4 of the Orcish Mines
 15153 | Orc:4    | Found a staircase to the Elven Halls.
 15222 | Orc:4    | Gained mutation: Your body is partially covered in golden eyeballs (Acc +3). [Jiyva's grace]
 15306 | Orc:4    | Gained mutation: Armour fits poorly on your strangely shaped body. [a neqoxec]
 15323 | Orc:4    | Lost mutation: Armour fits poorly on your strangely shaped body. [Jiyva's grace]
 15353 | Orc:4    | Gained mutation: You are partially covered in rough black scales (AC +4, Dex -1). [Jiyva's grace]
 15357 | Orc:4    | Found a roughly hewn altar of Beogh.
 15373 | Orc:4    | Gained mutation: Your skin is partially translucent (Stealth, -foe acc). [Jiyva's grace]
 15515 | Orc:4    | Found Triamythod's Gadget Boutique.
 15515 | Orc:4    | Found Fruoxto's Antique Armour Emporium.
 15550 | Orc:4    | Bought a runed plate armour for 920 gold pieces
 15685 | Orc:4    | Bought a runed hat for 160 gold pieces
 15691 | Orc:4    | Gained mutation: You have sharp toenails. [Jiyva's grace]
 15707 | Orc:4    | Lost mutation: Your body is partially covered in golden eyeballs (Acc +3). [Jiyva's grace]
 15719 | Orc:4    | Found Lyhuaguh's Weapon Boutique.
 15719 | Orc:4    | Found Lyvo's Jewellery Emporium.
 15817 | Orc:4    | Lost mutation: You can spit poison. [Jiyva's grace]
 15823 | Orc:4    | Bought the ring of Shrokhipt {+Blink rPois Str+2 Int+6 Dex-2 Stlth+} for 579 gold pieces
 16110 | Lair:2   | Gained mutation: You are agile. (Dex +2) [evolution]
 16249 | Spider:1 | Entered Level 1 of the Spider Nest
 16379 | Spider:1 | Gained mutation: Your skin is mostly translucent (Stealth, -foe acc). [Jiyva's grace]
 16389 | Spider:1 | Reached XP level 15. HP: 125/137 MP: 15/15
 16390 | Spider:1 | Reached skill level 20 in Axes
 16825 | Spider:2 | Lost mutation: You have sharp toenails. [Jiyva's grace]
 16892 | Spider:2 | Gained mutation: Your body is partially covered in golden eyeballs (Acc +3). [Jiyva's grace]
 17937 | Spider:4 | Lost mutation: Your body is partially covered in golden eyeballs (Acc +3). [Jiyva's grace]
 18109 | Spider:4 | Lost mutation: Your mind is acute. (Int +2) [evolution]
 18152 | Spider:4 | Gained mutation: Armour fits poorly on your pseudopods. [Jiyva's grace]
 18168 | Spider:5 | Entered Level 5 of the Spider Nest
 18168 | Spider:5 | Noticed Roxanne
 18555 | Spider:5 | Reached skill level 21 in Axes
 18589 | Spider:5 | Noticed Nikola
 18612 | Spider:5 | Killed Nikola
 18674 | Spider:5 | Blown up by an orb spider

Action                   |  1- 3 |  4- 6 |  7- 9 | 10-12 | 13-15 || total
-------------------------+-------+-------+-------+-------+-------++-------
Melee: War axe           |   121 |   140 |       |     5 |    75 ||   341
       Hand axe          |       |     9 |   277 |   505 |   477 ||  1268
       Unarmed           |       |       |     3 |       |       ||     3
       Executioner's axe |       |       |       |    16 |   582 ||   598
Throw: Throwing net      |       |     3 |       |       |       ||     3
Invok: Request Jelly     |       |       |       |       |     4 ||     4
Evoke: Wand              |       |       |       |       |     4 ||     4
  Use: Scroll            |     4 |     6 |     3 |     8 |    11 ||    32
       Potion            |       |     2 |       |     3 |     8 ||    13
 Stab: Held in net/web   |       |     1 |       |       |       ||     1
       Confused          |       |       |       |       |     2 ||     2
  Eat: Chunk             |       |     6 |     9 |    13 |     9 ||    37
       Beef jerky        |       |       |       |     2 |     1 ||     3
       Pizza             |       |       |       |       |     1 ||     1
